 Dungeon Crawl Stone Soup version 0.22.1-1-ga44c0e5 (webtiles) character file.

148 bloo the Digger (level 5, -4/28 HPs)
             Began as a Gargoyle Earth Elementalist on Oct 18, 2018.
             Blown up by Ijyb (6 damage)
             ... with a wand of disintegration (9)
             ... on level 3 of the Dungeon on Oct 21, 2018.
             The game lasted 00:15:03 (3867 turns).

bloo the Digger (Gargoyle Earth Elementalist)       Turns: 3867, Time: 00:15:04

Health: -4/28      AC:  7    Str: 11    XL:     5   Next: 30%
Magic:  1/8        EV: 12    Int: 17    God:
Gold:   127        SH:  0    Dex: 10    Spells: 4/8 levels left

rFire    . . .     SeeInvis .   k - +0 club
rCold    . . .     Gourm    .   (no shield)
rNeg     + . .     Faith    .   c - +0 robe
rPois    ∞         Spirit   .   (no helmet)
rElec    +         Reflect  .   (no cloak)
rCorr    .         Harm     .   (no gloves)
MR       .....                  g - +0 pair of boots
Stlth    ++........             (no amulet)
HPRegen  0.09/turn              (no ring)
MPRegen  0.11/turn              (no ring)

@: no status effects
A: negative energy resistance 1, electricity resistance, unbreathing,
petrification resistance, rot immunity, AC +4
a: no special abilities


You were on level 3 of the Dungeon.
You were not hungry.

You visited 1 branch of the dungeon, and saw 3 of its levels.

You collected 127 gold pieces.

Inventory:

Hand Weapons
 k - a +0 club (weapon)
Missiles
 i - 25 stones (quivered)
Armour
 c - a +0 robe (worn)
 g - a +0 pair of boots (worn)
Scrolls
 a - a scroll of blinking {unknown}
 b - 2 scrolls of teleportation {unknown}
 h - 3 scrolls of remove curse {unknown}
 j - a scroll of identify {unknown}
Potions
 e - a potion of ambrosia
 f - a potion of flight {unknown}
Comestibles
 d - 5 rations


   Skills:
 - Level 1.5 Dodging
 - Level 2.1 Stealth
 - Level 0.3 Unarmed Combat
 - Level 2.0 Spellcasting
 * Level 1.0 Conjurations
   Level 0.7 Transmutations
 + Level 6.8 Earth Magic


You had 4 spell levels left.
You knew the following spells:

 Your Spells              Type           Power        Failure   Level  Hunger
a - Sandblast             Erth           ###...       1%          1    #......
b - Stone Arrow           Conj/Erth      ###...       12%         3    ###....

Your spell library contained the following spells:

 Spells                   Type           Power        Failure   Level  Hunger
 Passwall                 Tmut/Erth      ##......     6%          2    ###....
 Petrify                  Tmut/Erth      ##......     38%         4    #####..
 Lee's Rapid Deconstruct  Erth           ###.......   32%         5    ######.


Dungeon Overview and Level Annotations

Branches:
Dungeon (3/15)

Altars:
Fedhas
Hepliaklqana

Annotations:
D:3 Ijyb, Natasha


Innate Abilities, Weirdness & Mutations

You are resistant to torment.
Your stone body is resilient. (AC +4)
You are immune to poison.
You resist negative energy. (rN+)
You are resistant to electric shocks. (rElec)
You can survive without breathing.
You are immune to petrification.
You are immune to rotting.


Message History

Ijyb hits you with a dagger.
Ijyb zaps a wand.
You barely resist.
Ijyb zaps a wand.
You are blasted!
Ouch! That really hurt!
* * * LOW HITPOINT WARNING * * *
All of the chunks of flesh in your inventory have rotted away.
Ijyb screams, "Me stronger than you!"
Ijyb zaps a wand.
You barely resist.
Casting: Sandblast (safe; 1% risk of failure)
Confirm with . or Enter, or press ? or * to list all spells.
You can't see any susceptible monsters within range! (Use Z to cast anyway.) Unknown command.
Casting: Sandblast (safe; 1% risk of failure)
Confirm with . or Enter, or press ? or * to list all spells.
You don't know that spell.
Unknown command.
You see here a dagger.
Ijyb screams, "It's all mine!"
Ijyb zaps a wand.
You are blasted!
You die...

###.#########.....
#.)...............
#)######.####.....
#)# #.## #.....
#.# #..# #.....
#)# #... ####..
#.# ##.##...##.
#)# #.#.8.8.#. #@#
#.#.._..# #.#
#.#...8.# #.##
+#.#'...#
#.g#####...####
#.....g..⌠........
##.#####...#####..
### +#.#+ #.# #.#


You could see Ijyb.

Vanquished Creatures
  An orc priest (D:3)
  Robin (D:3)
  3 adders (D:2)
  An ooze (D:2)
  4 worms (D:2)
  A dart slug (D:2)
  A leopard gecko (D:1)
  2 orcs (D:3)
  A giant cockroach (D:1)
  11 goblins
  7 hobgoblins
  3 jackals (D:1)
  2 quokkas (D:2)
  A ball python (D:2)
  6 bats
  2 frilled lizards
  8 kobolds
  8 rats
63 creatures vanquished.

Notes
Turn   | Place    | Note
-------+----------+-------------------------------------------
     0 | D:1      | bloo the Gargoyle Earth Elementalist began the quest for
                  | the Orb.
     0 | D:1      | Reached XP level 1. HP: 10/10 MP: 3/3
   239 | D:1      | Reached skill level 4 in Earth Magic
   241 | D:1      | Reached XP level 2. HP: 15/15 MP: 0/5
  1304 | D:1      | Reached XP level 3. HP: 19/19 MP: 4/6
  1506 | D:2      | Reached skill level 5 in Earth Magic
  1627 | D:2      | Found a blossoming altar of Fedhas.
  2075 | D:2      | Reached XP level 4. HP: 24/24 MP: 5/7
  2452 | D:2      | Reached skill level 6 in Earth Magic
  3277 | D:3      | Noticed Natasha
  3370 | D:3      | Learned a level 3 spell: Stone Arrow
  3425 | D:3      | Reached XP level 5. HP: 23/28 MP: 1/8
  3560 | D:3      | Noticed Robin
  3592 | D:3      | HP: 1/28 [goblin[Robin] (5)]
  3595 | D:3      | Killed Robin
  3595 | D:3      | Reached skill level 1 in Conjurations
  3850 | D:3      | Found a hazy altar of Hepliaklqana.
  3850 | D:3      | Noticed Ijyb
  3858 | D:3      | HP: 1/28 [disintegration (17)]
  3867 | D:3      | Blown up by Ijyb

Skill      XL: |  1  2  3  4  5 |
---------------+----------------+-----
Earth Magic    | 4 5 6 |  6.8
Conjurations   | 1 |  1.0
Dodging        | |  1.5
Stealth        | |  2.1
Unarmed Combat | |  0.3
Spellcasting   | |  2.0
Transmutations | |  0.7

Action                   |  1- 3 |  4- 6 || total
-------------------------+-------+-------++-------
Melee: Unarmed           |    13 |    41 ||    54
       Club              |       |    74 ||    74
 Cast: Sandblast         |    54 |    11 ||    65
       Stone Arrow       |       |    10 ||    10
  Use: Potion            |       |     3 ||     3
  Eat: Chunk             |     4 |     4 ||     8
       Ration            |       |     1 ||     1
Armor: Robe              |    14 |    57 ||    71
Dodge: Dodged            |    28 |   123 ||   151
